 Dungeon Crawl Stone Soup version 0.31-a0-716-gc7603755dd (webtiles) character file.

Game seed: 1558095962852898112

2282 Shayle the Fighter (level 9, -4/147 HPs)
             Began as an Ogre Shapeshifter on Sept 11, 2023.
             Was a Follower of Kikubaaqudgha.
             Killed from afar by a steam dragon (18 damage)
             ... with a ball of steam
             ... on level 7 of the Dungeon.
             The game lasted 00:17:06 (5686 turns).

Shayle the Fighter (Ogre Shapeshifter)              Turns: 5686, Time: 00:17:08

Health: -4/147     AC:  8    Str: 20    XL:     9   Next: 39%
Magic:  19/19      EV:  9    Int: 15    God:    Kikubaaqudgha [*.....]
Gold:   292        SH:  0    Dex:  8    Spells: 14/21 levels left

rFire   . . .        j - +2 spear (venom)
rCold   . . .        q - orb {*Rage}
rNeg    . . .        a - +1 animal skin
rPois   .            (helmet currently unavailable)
rElec   .            (cloak currently unavailable)
rCorr   .            (gloves unavailable)
SInv    .            (boots unavailable)
Will    .....        l - amulet of magic regeneration Stlth
                     (no ring)
HPRegen 0.44/turn    (no ring)
MPRegen 0.56/turn

%: random rage (20%)
@: berserking (expiring), beast-form, very quick
A: beast (slay +2), large, unfitting armour, tough skin 1, iridescent scales 2
a: Begin Untransformation, Renounce Religion, Unearth Wretches


You were on level 7 of the Dungeon.
You worshipped Kikubaaqudgha.
Kikubaaqudgha was aware of your devotion.
You were a hulking beast.
You visited 2 branches of the dungeon, and saw 8 of its levels.

You collected 292 gold pieces.

Inventory:

Hand Weapons
 j - a +2 spear of venom (weapon)
Missiles
 p - 4 curare-tipped darts (quivered)
Armour
 a - a +1 animal skin (worn)
 q - an orb of wrath (worn)
Jewellery
 l - an amulet of magic regeneration (around neck)
Talismans
 c - a beast talisman (active)
 d - a flux talisman
Wands
 o - a wand of flame (14)
Scrolls
 g - 2 scrolls of fear
 i - 4 scrolls of vulnerability
 k - 2 scrolls of blinking
 r - a scroll of torment
 t - a scroll of revelation {unknown}
 v - a scroll of identify
 w - a scroll of silence {unknown}
 y - a scroll of enchant armour
Potions
 b - 2 potions of resistance
 e - a potion of heal wounds
 f - 2 potions of attraction {unknown}
 h - 2 potions of might
 m - a potion of enlightenment {unknown}
 n - a potion of degeneration {unknown}
 s - a potion of ambrosia {unknown}
 u - a potion of curing {unknown}
 x - a potion of mutation


   Skills:
 + Level 9.0 Fighting
 - Level 1.7 Dodging
 - Level 2.6 Unarmed Combat
 + Level 6.6 Spellcasting
 * Level 6.3 Necromancy
 - Level 4.4 Shapeshifting


You had 14 spell levels left.
You knew the following spells:

 Your Spells              Type           Power      Damage    Failure   Level
a - Vampiric Draining     Necr           24%        2d7       3%          3
b - Animate Dead          Necr           24%        N/A       10%         4

Your spell library contained the following spells:

 Spells                   Type           Power      Damage    Failure   Level
 Necrotise                Necr           96%        1d8       1%          1
 Sublimation of Blood     Necr           24%        N/A       1%          2
 Sandblast                Erth           10%        2d5       14%         1
 Passwall                 Tmut/Erth      4%         N/A       21%         2
 Stone Arrow              Conj/Erth      10%        3d7       38%         3
 Haunt                    Necr/Summ      7%         N/A       100%        7
 Borgnjor's Revivificati  Necr           12%        N/A       100%        8
 Death's Door             Necr           12%        N/A       100%        9


Dungeon Overview and Level Annotations

Branches:
Dungeon (7/15)             Temple (1/1) D:4

Altars:
Ashenzari
Dithmenos
Elyvilon
Gozag
Hepliaklqana
Kikubaaqudgha
Makhleb
Nemelex Xobeh
Okawaru
Ru
Sif Muna
Trog
Uskayaw
Vehumet
Wu Jian
Xom
Yredelemnul
Zin
The Shining One

Shops:
D:3 (   D:4 (:

Annotations:
D:3 2 transporters


Innate Abilities, Weirdness & Mutations

You are a hulking beast.
Your limbs bulge with bestial killing power. (Slay +2)
You are too large for most types of armour.
You have tough skin. (AC +1)
You are mostly covered in iridescent scales. (AC +4)


Message History

Menkaure is severely damaged.
The orc hits you but does no damage.
The orc warrior hits you with a +0 hand axe.
You barely miss Menkaure.
Menkaure is severely damaged.
The steam dragon hisses angrily.
Menkaure barely misses you.
You barely miss Menkaure.
Menkaure is severely damaged.
The orc barely misses you.
The orc warrior hits you with a +0 hand axe.
Menkaure calls on the powers of darkness!
The orc warrior convulses!
The orc convulses!
Your body is wracked with pain!
* * * LOW HITPOINT WARNING * * *
The orc priest convulses!
The orc convulses!
The steam dragon convulses!
You closely miss Menkaure.
Menkaure is severely damaged.
The orc barely misses you.
The orc warrior hits you with a +0 hand axe!
* * * LOW HITPOINT WARNING * * *
Unknown command.
You puncture Menkaure!
You destroy Menkaure!
Kikubaaqudgha accepts your kill.
The orc warrior hits you with a +0 hand axe!
* * * LOW HITPOINT WARNING * * *
The orc hits you but does no damage.
Your Fighting skill increases to level 9!
You completely miss the orc priest.
The orc priest is severely wounded.
You are too berserk!
Unknown command.
You barely miss the orc priest.
The orc priest is severely wounded.
The orc warrior hits you with a +0 hand axe.
* * * LOW HITPOINT WARNING * * *
The steam dragon breathes steam at you. The ball of steam hits you!!
You die...
Kikubaaqudgha rasps: "You have failed me!
Welcome... death!"

..~~.............##....#...##..†.
♣..............##################
♣♣..###.....#...###
.♣.♣###.....##....#
.)P♣.##...........# ♣♣#
.♣g♣..............# ♣♣..
♣♣.P......##......# ♣♣...
♣PP)<...#..###...## ♣....
..~~.)..#..#.#.oh(# ♣.♣...
P.~~##.........o§o# ♣♣♣#
....#..........§o.#
.....>...#.....§..#
.##......##....D... #..
.............#...... ....
...........###...... #....
..#...M##........#### .....
..#$).## ..... .....


You could see a steam dragon (catching breath), an orc warrior, an orc priest
and 2 orcs.

Vanquished Creatures
  Grinder (D:4)
  Prince Ribbit (D:6)
  Sigmund (D:3)
  Eustachio (D:4)
  A steam dragon (D:6)
  Menkaure (D:7)
  An orc warrior (D:6)
  A sky beast (D:6)
  3 ogres
  A phantom (D:6)
  5 bullfrogs
  A gnoll sergeant (D:7)
  2 howler monkeys (D:7)
  2 orc priests (D:6)
  2 iguanas
  An orc wizard (D:6)
  Robin (D:4)
  5 gnolls
  5 adders
  3 river rats (D:3)
  2 white imps (D:6)
  An ufetubus (D:6)
  2 dart slugs
  A worm (D:2)
  18 orcs
  10 ball pythons
  5 bats
  8 endoplasms
  7 giant cockroaches
  15 goblins
  10 hobgoblins
  16 jackals
  9 kobolds
  2 quokkas
  4 frilled lizards
  7 rats
156 creatures vanquished.

Vanquished Creatures (others)
  A butterfly (D:7)
1 creature vanquished.

Grand Total: 157 creatures vanquished

Notes
Turn   | Place    | Note
-------+----------+-------------------------------------------
     0 | D:1      | Shayle the Ogre Shapeshifter began the quest for the Orb.
     0 | D:1      | Reached XP level 1. HP: 19/19 MP: 1/1
    28 | D:1      | Found a faded altar of an unknown god.
    53 | D:1      | Reached XP level 2. HP: 26/28 MP: 1/3
    55 | D:1      | Reached skill level 2 in Fighting
    55 | D:1      | Reached skill level 1 in Spellcasting
   380 | D:1      | Reached XP level 3. HP: 36/36 MP: 3/5
   883 | D:2      | Reached skill level 3 in Fighting
  1000 | D:2      | Reached XP level 4. HP: 35/45 MP: 6/6
  1602 | D:3      | Found a transporter.
  1624 | D:3      | Found Qitt's Weapon Shoppe.
  1932 | D:3      | Found a transporter.
  1966 | D:3      | Noticed Sigmund
  1977 | D:3      | Killed Sigmund
  1978 | D:3      | Reached skill level 5 in Fighting
  1978 | D:3      | Reached XP level 5. HP: 38/57 MP: 7/9
  1978 | D:3      | Reached XP level 6. HP: 45/66 MP: 7/10
  2084 | D:3      | Found a sacrificial altar of Ru.
  2084 | D:3      | Found a glowing silver altar of Zin.
  2653 | D:4      | Found Gidghaw's Weapon Emporium.
  2680 | D:4      | Gained mutation: You have an increased reservoir of magic.
                  | (+10% MP) [potion of mutation]
  2680 | D:4      | Gained mutation: You sometimes lose your temper in combat.
                  | [potion of mutation]
  2680 | D:4      | Gained mutation: You are partially covered in iridescent
                  | scales. (AC +2) [potion of mutation]
  2921 | D:4      | Found Mishun's Book Shop.
  2924 | D:4      | Lost mutation: You have an increased reservoir of magic.
                  | (+10% MP) [potion of mutation]
  2924 | D:4      | Lost mutation: You sometimes lose your temper in combat.
                  | [potion of mutation]
  2924 | D:4      | Gained mutation: You are mostly covered in iridescent
                  | scales. (AC +4) [potion of mutation]
  3051 | D:4      | Noticed Robin
  3072 | D:4      | Killed Robin
  3217 | D:4      | Reached skill level 6 in Fighting
  3217 | D:4      | Reached XP level 7. HP: 75/75 MP: 12/12
  3259 | D:4      | Found a staircase to the Ecumenical Temple.
  3268 | Temple   | Entered the Ecumenical Temple
  3293 | Temple   | Became a worshipper of Kikubaaqudgha
  3358 | D:4      | Noticed Eustachio
  3378 | D:4      | Killed Eustachio
  3379 | D:4      | Reached skill level 1 in Necromancy
  3395 | D:4      | Noticed Grinder
  3416 | D:4      | Killed Grinder
  3527 | D:4      | Reached skill level 7 in Fighting
  3527 | D:4      | Reached XP level 8. HP: 87/87 MP: 13/15
  3850 | D:5      | Entered Level 5 of the Dungeon
  4039 | D:6      | Noticed Prince Ribbit
  4057 | D:6      | Killed Prince Ribbit
  4058 | D:6      | Reached skill level 5 in Spellcasting
  4427 | D:6      | Reached skill level 8 in Fighting
  4497 | D:6      | Reached * piety under Kikubaaqudgha
  4497 | D:6      | Received a gift from Kikubaaqudgha
  4498 | D:6      | Reached skill level 5 in Necromancy
  4609 | D:6      | Learned a level 3 spell: Vampiric Draining
  4614 | D:6      | Learned a level 4 spell: Animate Dead
  4691 | D:6      | Found an ornate altar of the Wu Jian Council.
  4917 | D:6      | Reached XP level 9. HP: 97/97 MP: 16/18
  4938 | D:6      | Found a bloodstained altar of Trog.
  5225 | D:7      | Found a white marble altar of Elyvilon.
  5361 | D:7      | Noticed Menkaure
  5684 | D:7      | Killed Menkaure
  5685 | D:7      | Reached skill level 9 in Fighting
  5686 | D:7      | Killed from afar by a steam dragon

Illustrated notes

Levels and vault maps discovered:
D:1:      lemuel_arrival_rhombus, layout_basic,
          chequers_ecumenical_altar_simple, st_stairs_5
D:2:      layout_loops_ring
D:3:      gammafunk_wand_slinger, layout_basic,
          mainiacjoe_overflow_catwalk_spiral, portal_sewer_entry_e,
          serial_shops, nicolae_shop_tiny_glass, minmay_tree_intersection,
          nicolae_houndstooth_variations, uniq_sigmund
D:4:      layout_basic, minmay_temple_entry_overgrown, serial_shops, shop,
          nicolae_shop_real_fake_doors, grunt_ministairs_15, uniq_eustachio,
          uniq_robin, uniq_grinder
D:5:      layout_gridville, uniq_edmund
D:6:      layout_basic, mainiacjoe_overflow_24_doors, nzn_wu_jian_contemplation,
          uniq_prince_ribbit1
D:7:      layout_cave_pools, chei_slow_surprise,
          nicolae_elyvilon_peaceful_grove, hellmonk_guarded_unrand_lears,
          uniq_crazy_yiuf_cottage, uniq_menkaure
Temple:   minmay_temple_curvy_branch

Skill      XL: |  1  2  3  4  5  6  7  8  9 |
---------------+----------------------------+-----
Fighting       | 2 3 5 6 7 8 9 |  9.0
Spellcasting   | 1 3 4 6 |  6.6
Shapeshifting  | 4 |  4.4
Necromancy     | 3 5 6 |  6.3
Dodging        | |  1.7
Unarmed Combat | |  2.6

Action                     |  1- 3 |  4- 6 |  7- 9 || total
---------------------------+-------+-------+-------++-------
  Melee: Unarmed           |   107 |   167 |       ||   274
         Punch             |     1 |       |       ||     1
         Spear             |       |     9 |   185 ||   194
  Throw: Dart              |       |     4 |     5 ||     9
    Use: Scroll            |       |     7 |     5 ||    12
         Potion            |       |     6 |       ||     6
   Stab: Sleeping          |       |     1 |       ||     1
 Armour: Animal skin       |    55 |   112 |   181 ||   348
         Skin              |       |     1 |       ||     1
  Dodge: Dodged            |    51 |    88 |    74 ||   213

Table legend: (Time is in decaauts)
 A = Elapsed time spent in this place.
 B = Non-inter-level travel time spent in this place.
 C = Inter-level travel time spent in this place.
 D = Time resting spent in this place.
 E = Time spent auto-exploring this place.
 F = Levels seen in this place.
 G = Mean time per level.
                   A        B        C        D        E       F      G
               +--------+--------+--------+--------+--------+-----+--------+
         Total |   5941 |   5727 |    214 |    801 |   3402 |   8 |  742.6 |
       Dungeon |   5893 |   5724 |    169 |    801 |   3402 |   7 |  841.9 |
        Temple |     47 |      2 |     45 |      0 |      0 |   1 |   47.0 |
               +--------+--------+--------+--------+--------+-----+--------+

Top non-repeatable levels by time:
     D:6: 1526 daAuts
     D:4: 1272 daAuts
     D:3: 1055 daAuts
     D:1: 800 daAuts
     D:2: 793 daAuts
     D:7: 303 daAuts
     D:5: 141 daAuts
  Temple: 47 daAuts
